 Dungeon Crawl Stone Soup version 0.21.1-1-g345015fe64 (webtiles) character file.

27803 Jannitor the Warrior (level 13, -17/225 HPs)
             Began as an Ogre Berserker on Apr 27, 2018.
             Was an Elder of Trog.
             Demolished by an orc warrior
             ... wielding a cursed -2 trident
             ... led by an orc warlord
              (22 damage)
             ... on level 2 of the Orcish Mines.
             The game lasted 00:20:08 (15530 turns).

Jannitor the Warrior (Ogre Berserker)              Turns: 15530, Time: 00:20:08

Health: -17/225    AC:  5    Str: 36    XL:     13   Next: 34%
Magic:  13/13      EV: 14    Int:  8    God:    Trog [****..]
Gold:   856        SH:  0    Dex:  8    Spells: 12/12 levels left

rFire    . . .     SeeInvis .   M - +0 battleaxe (elec)
rCold    . . .     Gourm    .   (shield currently unavailable)
rNeg     . . .     Faith    .   T - +0 troll leather armour
rPois    +         Spirit   .   (helmet restricted)
rElec    .         Reflect  .   j - scarf {repulsion}
rCorr    .         Harm     .   (gloves unavailable)
MR       +++..                  (boots unavailable)
Stlth    ..........             O - amulet of rage
HPRegen  1.87/turn              F - +3 ring of strength
MPRegen  0.13/turn              s - ring of poison resistance

@: berserking, regenerating, repel missiles, very quick
A: large, unfitting armour, tough skin 1
a: Berserk, Trog's Hand, Brothers in Arms, Burn Spellbooks, Renounce Religion,
Evoke Berserk Rage


You were on level 2 of the Orcish Mines.
You worshipped Trog.
Trog was greatly pleased with you.
You were near starving.

You visited 3 branches of the dungeon, and saw 16 of its levels.

You collected 1470 gold pieces.
You spent 614 gold pieces at shops.

Inventory:

Hand Weapons
 a - a +0 hand axe
 n - a +0 broad axe
 u - a +6 hand axe
 M - a +0 battleaxe of electrocution (weapon)
Missiles
 f - 21 large rocks (quivered)
Armour
 b - a +1 animal skin
 j - a scarf of repulsion (worn)
 L - +0 steam dragon scales
 T - a +0 troll leather armour (worn)
Jewellery
 r - an uncursed ring of ice {unknown}
 s - a ring of poison resistance (right hand)
 y - a +4 ring of intelligence
 C - an uncursed ring of fire {unknown}
 F - a +3 ring of strength (left hand)
 G - an uncursed amulet of magic regeneration
 N - an uncursed ring of see invisible {unknown}
 O - an amulet of rage (around neck)
 Q - an uncursed ring of stealth {unknown}
Wands
 t - a wand of clouds (4)
 w - a wand of random effects (28)
 E - a wand of digging (28)
 H - a wand of flame (26)
 K - a wand of paralysis (10)
 V - a wand of iceblast (13)
 Y - a wand of enslavement (6)
Scrolls
 e - a scroll of enchant weapon
 g - a scroll of magic mapping
 i - 10 scrolls of identify
 k - 5 scrolls of remove curse
 l - 9 scrolls of teleportation
 m - 2 scrolls of noise
 p - 5 scrolls of fear
 q - 5 scrolls of enchant armour
 B - 2 scrolls of fog
 R - a scroll of blinking
Potions
 d - a potion of cancellation
 h - 2 potions of invisibility
 o - 6 potions of heal wounds
 v - a potion of experience {unknown}
 x - a potion of degeneration {unknown}
 z - a potion of berserk rage
 D - 3 potions of curing
 I - a potion of haste
 P - 2 potions of brilliance {unknown}
 U - a potion of resistance {unknown}
 X - a potion of ambrosia
Books
 A - a book of Frost

   Spells                             Type                      Level
   a - Freeze                         Ice                          1
   b - Throw Frost                    Conjuration/Ice              2
   c - Ozocubu's Armour               Charms/Ice                   3
   d - Throw Icicle                   Conjuration/Ice              4
   e - Summon Ice Beast               Ice/Summoning                4
   Trog disapproves of the use of such an item.
 J - a book of Minor Magic

   Spells                             Type                      Level
   a - Magic Dart                     Conjuration                  1
   b - Blink                          Translocation                2
   c - Call Imp                       Summoning                    2
   d - Slow                           Hexes                        2
   e - Conjure Flame                  Conjuration/Fire             3
   f - Mephitic Cloud                 Conjuration/Poison/Air       3
   Trog disapproves of the use of such an item.
Comestibles
 c - 27 rations
 S - 2 chunks of flesh


   Skills:
 + Level 15.6 Fighting
 + Level 13.0 Axes
 + Level 5.3 Armour
 + Level 11.1 Dodging
 - Level 1.4 Stealth


You had 12 spell levels left.
You didn't know any spells.

Dungeon Overview and Level Annotations

Branches:
Dungeon (13/15)            Temple (1/1) D:7            Lair (0/6) D:11
    Orc (2/2) D:9          Vaults (0/5) D:13
    Elf: Orc:2

Altars:
Trog
The Shining One

Shops:
D:7 *   D:9 [(   D:12 (%?*   Orc:1 [   Orc:2 :

Annotations:
D:11 exclusion: 2 doors


Innate Abilities, Weirdness & Mutations

You are too large for most types of armour.
You have tough skin. (AC +1)


Message History

The orc warrior hits you from afar with a trident!!
* * * LOW HITPOINT WARNING * * *
Something hits your ogre.
The orc warrior hits you with a scimitar.
* * * LOW HITPOINT WARNING * * *
You hit the orc warlord but do no damage.
You miss the warg. You barely miss the orc warrior. The warg bites you!
* * * LOW HITPOINT WARNING * * *
Your ogre hits the orc warrior with a giant spiked club!!
The orc warrior dies!
Trog accepts your kill.
Unknown command.
You hit the orc warlord but do no damage.
Lightning courses through the orc warlord!
The orc warlord is lightly wounded.
You slash the orc warrior! You closely miss the warg.
The orc warlord hits you with a war axe!!
* * * LOW HITPOINT WARNING * * *
The orc warrior hits you from afar with a trident!!
You die...

.................
.................
................ ##.
............... #...
#............. .
##...###.....O{..... ..
#.....#..$..#)o.....
...##..#.###....@ooo....
...#.$..........oho.o...
..##..##................
......##.#.#..........#.
......#.................
.......#................
...##.#.#...............
...#.....#.##......#....
..##..#.#### #......


You could see an orc warlord, a warg, 3 orc warriors, an orc wizard, 2 orcs and
a friendly ogre (berserk).

Vanquished Creatures
  An ettin (Orc:1)
  The ghost of Norrik the Carver, a novice MiMo of Okawaru (D:8)
  3 two-headed ogres (D:8)
  The ghost of Norrik the Carver, a novice MiMo of Okawaru (D:7)
  An orc high priest (Orc:1)
  A wizard (D:13)
  An orc knight (Orc:1)
  A deep elf mage (D:12)
  A necromancer (D:13)
  An orc sorcerer (Orc:2)
  2 ugly things
  2 cyclopes
  The ghost of Norrik the Slasher, a novice MiMo (D:5)
  Psyche (D:9)
  Joseph (D:10)
  A kobold demonologist (D:13)
  A komodo dragon (D:11)
  The ghost of Norrik the Slasher, an amateur MiMo (D:3)
  3 trolls
  2 hornets
  A meliai zombie (D:12)
  2 dream sheep (D:11)
  Sigmund (D:6)
  3 hippogriffs
  7 yaks
  A wraith (D:11)
  A steam dragon (D:10)
  15 humans (D:13)
  A hungry ghost (D:12)
  2 wargs
  Duvessa (D:6)
  2 water moccasins
  14 orc warriors
  An ice beast (D:6)
  A phantom (D:8)
  A sky beast (D:10)
  9 ogres
  A centaur (D:12)
  5 big kobolds
  6 bullfrogs
  A wyvern zombie (D:9)
  Dowan (D:6)
  3 scorpions
  3 killer bees (D:12)
  3 electric eels
  A howler monkey (D:11)
  13 wights
  7 crimson imps
  5 centaur zombies
  3 bullfrog zombies
  3 bullfrog skeletons
  14 orc priests
  6 iguanas
  4 centaur skeletons
  A gnoll shaman (D:5)
  6 hounds
  4 jellies
  27 orc wizards
  22 worker ants
  2 hound zombies
  A worker ant zombie (D:8)
  21 gnolls
  12 adders
  5 shadow imps
  An ooze (D:2)
  3 adder skeletons
  8 worms
  4 leopard geckos
  55 orcs
  2 ball pythons
  8 giant cockroaches
  5 goblins (D:2)
  6 hobgoblins
  11 jackals
  5 quokkas
  A ball python skeleton (D:4)
  4 bats
  4 frilled lizards
  19 kobolds
  A quokka zombie (D:8)
  2 rats
  A plant (D:6)
410 creatures vanquished.

Vanquished Creatures (collateral kills)
  Harold (Orc:1)
  A two-headed ogre (D:10)
  An unseen horror (D:13)
  2 orc knights (Orc:2)
  A cyclops (D:13)
  A centaur zombie (D:13)
  A guardian serpent (D:11)
  A troll (D:10)
  A hippogriff (D:13)
  A wraith (D:11)
  A yak (D:9)
  2 humans (D:13)
  6 orc warriors
  An ogre (Orc:2)
  A bullfrog (D:11)
  3 killer bees (D:12)
  A hound (D:13)
  A gnoll shaman (D:10)
  4 orc wizards
  A bullfrog skeleton (D:13)
  2 gnolls (D:10)
  8 orcs
42 creatures vanquished.

Vanquished Creatures (others)
  A leopard gecko (D:11)
  A plant (D:11)
2 creatures vanquished.

Grand Total: 454 creatures vanquished

Notes
Turn   | Place    | Note
-------+----------+-------------------------------------------
     0 | D:1      | Jannitor the Ogre Berserker began the quest for the Orb.
     0 | D:1      | Reached XP level 1. HP: 24/24 MP: 1/1
   197 | D:1      | Reached XP level 2. HP: 17/32 MP: 2/2
   538 | D:2      | Reached XP level 3. HP: 28/40 MP: 3/3
   719 | D:2      | Reached skill level 5 in Fighting
   744 | D:2      | Reached ** piety under Trog
  1039 | D:2      | Reached XP level 4. HP: 28/50 MP: 4/4
  1442 | D:3      | Reached XP level 5. HP: 57/57 MP: 5/5
  1976 | D:3      | Reached XP level 6. HP: 67/67 MP: 6/6
  2026 | D:3      | Reached skill level 5 in Axes
  2204 | D:3      | Reached skill level 6 in Fighting
  2317 | D:3      | Noticed Norrik's ghost (amateur MiMo)
  2334 | D:3      | Killed Norrik's ghost
  2334 | D:3      | Reached XP level 7. HP: 21/76 MP: 7/7
  2724 | D:3      | Reached skill level 1 in Stealth
  3351 | D:4      | Reached *** piety under Trog
  3370 | D:4      | Reached skill level 7 in Fighting
  3815 | D:4      | Reached XP level 8. HP: 74/87 MP: 8/8
  4386 | D:5      | Entered Level 5 of the Dungeon
  4398 | D:5      | Reached skill level 8 in Fighting
  4598 | D:5      | Received a gift from Trog
  5114 | D:5      | Reached skill level 5 in Dodging
  5173 | D:5      | Noticed Norrik's ghost (novice MiMo)
  5182 | D:5      | Killed Norrik's ghost
  5182 | D:5      | Reached skill level 9 in Fighting
  5182 | D:5      | Reached XP level 9. HP: 100/100 MP: 9/9
  5401 | D:6      | Reached **** piety under Trog
  5464 | D:6      | Reached skill level 10 in Fighting
  5540 | D:6      | Noticed Sigmund
  5550 | D:6      | Killed Sigmund
  5597 | D:6      | Found a bloodstained altar of Trog.
  5661 | D:6      | Noticed Dowan
  5663 | D:6      | Noticed Duvessa
  5668 | D:6      | Killed Dowan
  5682 | D:6      | Killed Duvessa
  6775 | D:7      | Found a staircase to the Ecumenical Temple.
  6800 | D:7      | Noticed Norrik's ghost (novice MiMo)
  6804 | D:7      | Reached XP level 10. HP: 86/111 MP: 10/10
  6822 | Temple   | Entered the Ecumenical Temple
  7004 | D:7      | Reached skill level 11 in Fighting
  7016 | D:7      | Killed Norrik's ghost
  7313 | D:7      | Found Zioplutz's Assorted Antiques.
  7321 | D:7      | Bought a potion of curing for 87 gold pieces
  7321 | D:7      | Bought a scroll of teleportation for 87 gold pieces
  7567 | D:8      | Noticed Norrik's ghost (novice MiMo)
  7584 | D:8      | Killed Norrik's ghost
  7584 | D:8      | Reached skill level 10 in Axes
  7671 | D:8      | Noticed a two-headed ogre
  7680 | D:8      | Killed a two-headed ogre
  7680 | D:8      | Reached skill level 12 in Fighting
  7738 | D:8      | Noticed a two-headed ogre
  7744 | D:8      | Killed a two-headed ogre
  7834 | D:8      | Noticed a two-headed ogre
  7845 | D:8      | Killed a two-headed ogre
  7845 | D:8      | Reached XP level 11. HP: 100/124 MP: 11/11
  8624 | D:9      | Found Guugaun's Armour Emporium.
  8626 | D:9      | Found a staircase to the Orcish Mines.
  8690 | D:9      | Reached ***** piety under Trog
  8797 | D:9      | Found Deit's Weapon Emporium.
  8849 | D:9      | Found a glowing golden altar of the Shining One.
  9029 | D:9      | Reached skill level 13 in Fighting
  9434 | D:9      | Noticed Psyche
  9469 | D:9      | Killed Psyche
  9528 | D:10     | Entered Level 10 of the Dungeon
  9715 | D:10     | Noticed a green ugly thing
  9716 | D:10     | Noticed a two-headed ogre
  9719 | D:10     | Killed a green ugly thing
  9756 | D:10     | Killed a two-headed ogre
 10312 | D:10     | Noticed Joseph
 10323 | D:10     | Killed Joseph
 10806 | D:11     | Reached skill level 1 in Armour
 10945 | D:11     | HP: 5/192 [wraith (8)]
 11302 | D:10     | Reached XP level 12. HP: 137/137 MP: 12/12
 11330 | Orc:1    | Entered Level 1 of the Orcish Mines
 11332 | Orc:1    | Noticed an ettin
 11412 | D:11     | Reached skill level 14 in Fighting
 11514 | D:11     | Found a staircase to the Lair.
 11904 | D:12     | Found Xiowo's Weapon Shoppe.
 12323 | D:12     | Found Xiwugigg's Antique Weapon Shoppe.
 12534 | D:12     | Found Takan's Food Shop.
 12550 | D:12     | Reached skill level 10 in Dodging
 12885 | D:12     | Found Xaewu's Magic Scroll Boutique.
 12893 | D:12     | Bought a scroll of blinking for 120 gold pieces
 12893 | D:12     | Bought a scroll of brand weapon for 320 gold pieces
 13189 | D:12     | Found Xiufim's Serpentskin Sales.
 14244 | D:13     | Reached skill level 15 in Fighting
 14270 | D:13     | Found a gate to the Vaults.
 14270 | D:13     | Noticed a vault guard
 14270 | D:13     | Noticed a vault guard
 14442 | D:13     | Reached XP level 13. HP: 149/149 MP: 13/13
 14843 | Orc:1    | Noticed Harold
 14847 | Orc:1    | Killed an ettin
 14928 | Orc:1    | Killed Harold
 14950 | Orc:1    | Reached skill level 5 in Armour
 14989 | Orc:1    | Found Papi's Armour Shop.
 15092 | Orc:2    | Entered Level 2 of the Orcish Mines
 15108 | Orc:2    | Found Riuxtiyr's Book Emporium.
 15519 | Orc:2    | Noticed an orc warlord
 15530 | Orc:2    | HP: 5/225 [orc warlord/war axe (23)]
 15530 | Orc:2    | Demolished by an orc warrior

Skill      XL: |  1  2  3  4  5  6  7  8  9 10 11 12 13 |
---------------+----------------------------------------+-----
Dodging        | 3 4 5 6 8 9 10 11 | 11.1
Fighting       | 5 6 7 9 10 12 13 15 | 15.6
Axes           | 4 6 8 9 10 11 12 13 | 13.0
Stealth        | 1 |  1.4
Armour         | 1 4 5 |  5.3

Action                   |  1- 3 |  4- 6 |  7- 9 | 10-12 | 13-15 || total
-------------------------+-------+-------+-------+-------+-------++-------
Melee: Hand axe          |   102 |    86 |   314 |   206 |       ||   708
       Broad axe         |       |       |       |   413 |    76 ||   489
       Battleaxe         |       |       |       |       |    17 ||    17
Throw: Large rock        |     1 |       |       |       |       ||     1
Invok: Berserk           |     4 |     7 |    14 |    21 |     6 ||    52
       Trog's Hand       |       |     1 |     9 |    12 |     4 ||    26
       Brothers in Arms  |       |       |       |     7 |     5 ||    12
  Use: Potion            |       |       |     7 |       |       ||     7
       Scroll            |       |       |     9 |     8 |     3 ||    20
 Stab: Sleeping          |       |       |       |     1 |       ||     1
  Eat: Chunk             |     3 |     3 |    17 |    44 |     8 ||    75
       Ration            |       |     2 |     4 |     3 |     1 ||    10
Armor: Animal skin       |    38 |    13 |    38 |    39 |       ||   128
       Steam dragon scal |       |       |       |    66 |       ||    66
       Troll leather arm |       |       |       |    37 |    21 ||    58
Dodge: Dodged            |    62 |    28 |   152 |   419 |   105 ||   766
       Deflected         |       |       |     1 |    12 |     3 ||    16
